 Dungeon Crawl Stone Soup version 0.30-a0-808-g6e0788376e (webtiles) character file.

Game seed: 7437844390389038514

313 Orangeyouglad the Conjurer (level 6, -2/41 HPs)
             Began as a Human Conjurer on Feb 25, 2023.
             Was an Initiate of the Shining One.
             Slain by Edmund
             ... wielding a +1 heavy flail
              (18 damage)
             ... on level 4 of the Dungeon.
             The game lasted 00:13:16 (4745 turns).

Orangeyouglad the Conjurer (Human Conjurer)         Turns: 4745, Time: 00:13:16

Health: -2/41      AC:  4    Str:  8    XL:     6   Next: 71%
Magic:  0/10       EV: 13    Int: 20    God:    the Shining One [......]
Gold:   127        SH:  0    Dex: 11    Spells: 5/11 levels left

rFire   . . .      SeeInvis .    e - +0 short sword
rCold   . . .      Faith    .    (no shield)
rNeg    + . .      Spirit   +    a - +0 robe
rPois   .          Reflect  .    (no helmet)
rElec   .          Harm     .    (no cloak)
rCorr   +          Rampage  .    (no gloves)
Will    .....                    r - +1 pair of boots
Stlth   +                        d - amulet of guardian spirit
HPRegen 0.26/turn                m - ring "Jomunod" {rN+ rCorr}
MPRegen 0.12/turn                h - +4 ring of slaying

@: glowing
A: no striking features
a: Renounce Religion


You were on level 4 of the Dungeon.
You worshipped the Shining One.
The Shining One was noncommittal.
You visited 1 branch of the dungeon, and saw 4 of its levels.

You collected 127 gold pieces.

Inventory:

Hand Weapons
 e - a +0 short sword (weapon)
Missiles
 b - 3 poisoned darts
 x - a throwing net
Armour
 a - a +0 robe (worn)
 r - a +1 pair of boots (worn)
 v - a +0 cloak
Jewellery
 d - an amulet of guardian spirit (around neck)
 h - a +4 ring of slaying (right hand)
 m - the ring "Jomunod" (left hand) {rN+ rCorr}
   (You found it on level 2 of the Dungeon)

   [ring of positive energy]

   rN:        It protects you from negative energy.
   rCorr:     It protects you from acid and corrosion.
 s - a ring of protection from cold
Scrolls
 f - a scroll of brand weapon
 l - a scroll of magic mapping
 p - a scroll of enchant weapon {unknown}
 u - a scroll of vulnerability {unknown}
 y - a scroll of teleportation {unknown}
Potions
 c - a potion of attraction
 i - 3 potions of invisibility
 n - a potion of mutation {unknown}
 o - 3 potions of brilliance {unknown}
 t - 2 potions of might {unknown}
 w - a potion of ambrosia {unknown}


   Skills:
 + Level 3.7 Dodging
 + Level 4.1 Stealth
 - Level 3.0 Spellcasting
 + Level 5.2 Conjurations
 + Level 0.4 Hexes


You had 5 spell levels left.
You knew the following spells:

 Your Spells              Type           Power      Damage    Failure   Level
a - Magic Dart            Conj           92%        1d7       1%          1
b - Searing Ray           Conj           46%        2d6       2%          2
c - Dazzling Flash        Conj/Hex       28%        N/A       14%         3

Your spell library contained the following spells:

 Spells                   Type           Power      Damage    Failure   Level
 Fulminant Prism          Conj/Hex       7%         3d7       41%         4
 Iskenderun's Mystic Bla  Conj/Tloc      13%        2d5       43%         4


Dungeon Overview and Level Annotations

Branches:
Dungeon (4/15)
 Temple: D:4-7

Altars:
Ashenzari
Elyvilon
Qazlal
Sif Muna
Trog
Yredelemnul
The Shining One

Annotations:
D:4 Edmund, Menkaure


Message History

The searing ray hits Edmund.
Edmund is heavily wounded.
You finish channelling your searing ray.
Edmund barely misses you.
Casting: Searing Ray (safe; 2% risk of failure)
Confirm with . or Enter, or press ? or * to list all spells.
Casting: Dazzling Flash (dangerous; 14% risk of failure)
Press: ? - help, Dir - look around, f - activate Edmund hits you with a +1 heavy flail.
Aiming: Magic Dart (safe; 1% risk of failure)
Press: ? - help, Q - select action, (/) - cycle Shift-Dir - straight line, f - Edmund
Aim: Edmund, wielding a +1 heavy flail and wearing a +0 leather armour (heavily wounded, 100% to hit)
The magic dart hits Edmund.
Edmund is heavily wounded.
Okay, then.
Okay, then.
Okay, then.
Okay, then.
You hit Edmund.
Edmund is heavily wounded.
Edmund hits you with a +1 heavy flail!!
Okay, then.
You feel better. Edmund closely misses you.
Okay, then.
Okay, then.
Aiming: Magic Dart (safe; 1% risk of failure)
Press: ? - help, Q - select action, (/) - cycle Shift-Dir - straight line, f/p - Edmund
Aim: Edmund, wielding a +1 heavy flail and wearing a +0 leather armour (heavily wounded, 100% to hit)
The magic dart hits Edmund.
Edmund is heavily wounded.
Aiming: Magic Dart (safe; 1% risk of failure)
Press: ? - help, Q - select action, (/) - cycle Shift-Dir - straight line, f/p - Edmund
Aim: Edmund, wielding a +1 heavy flail and wearing a +0 leather armour (heavily wounded, 100% to hit)
The magic dart hits Edmund!
Edmund is severely wounded.
Edmund hits you with a +1 heavy flail!
You hit Edmund.
Edmund is severely wounded.
Edmund hits you with a +1 heavy flail!!
You die...

..≈.# #...M.....##.#
≈.≈..##5####.......#
≈....##.# ####...##
≈≈≈..##.# ###.#
......#r# #.#
..###.... #.# .# ...
#.# .# .. #####@###
.# #...@...# .#
#.###.#.# .#
#.###.#.# .#
#.##..#.# .#######
#.##.##.# .......#
####.##.##.#
....##.###.##.......#
.##.......#......####
....##.###.#######


You could see Edmund.

Vanquished Creatures
  A scorpion (D:4)
  A hound (D:4)
  A jelly (D:4)
  An orc wizard (D:3)
  A gnoll (D:4)
  6 adders
  A dart slug (D:1)
  9 orcs
  3 endoplasms
  6 giant cockroaches
  9 goblins
  7 hobgoblins
  10 jackals
  3 quokkas
  8 ball pythons
  9 bats
  2 frilled lizards
  10 kobolds
  4 rats
92 creatures vanquished.

Vanquished Creatures (others)
  5 plants (D:3)
5 creatures vanquished.

Grand Total: 97 creatures vanquished

Notes
Turn   | Place    | Note
-------+----------+-------------------------------------------
     0 | D:1      | Orangeyouglad the Human Conjurer began the quest for the
                  | Orb.
     0 | D:1      | Reached XP level 1. HP: 13/13 MP: 3/3
   205 | D:1      | Reached XP level 2. HP: 19/19 MP: 3/5
   605 | D:1      | Reached XP level 3. HP: 24/24 MP: 3/6
  1206 | D:2      | Identified the ring "Jomunod" {rN+ rCorr}
  1623 | D:2      | Found a bloodstained altar of Trog.
  1663 | D:2      | Reached XP level 4. HP: 23/30 MP: 1/7
  2072 | D:2      | Found a faded altar of an unknown god.
  2292 | D:2      | Learned a level 2 spell: Searing Ray
  2296 | D:2      | Learned a level 3 spell: Dazzling Flash
  2707 | D:3      | Found a white marble altar of Elyvilon.
  2980 | D:3      | Reached XP level 5. HP: 35/35 MP: 3/9
  3537 | D:3      | Found a stormy altar of Qazlal.
  3537 | D:3      | Found a faded altar of an unknown god.
  3560 | D:3      | Found a faded altar of an unknown god.
  3562 | D:3      | Found a basalt altar of Yredelemnul.
  3564 | D:3      | Found a glowing golden altar of the Shining One.
  3610 | D:3      | Became a worshipper of the Shining One
  3676 | D:4      | Identified the +4 triple sword of Geukhief {drain, MP+9}
  3698 | D:4      | Reached XP level 6. HP: 40/41 MP: 2/10
  3744 | D:4      | Reached skill level 5 in Conjurations
  3883 | D:4      | Found a shimmering blue altar of Sif Muna.
  3884 | D:4      | Found a broken altar of Ashenzari.
  3969 | D:4      | Noticed Menkaure
  4368 | D:4      | Noticed Edmund
  4745 | D:4      | Slain by Edmund

Illustrated notes

Levels and vault maps discovered:
D:1:      dpeg_arrival_erosion, layout_loops_ring,
          hangedman_decor_diamond_cutter
D:2:      layout_basic, dilly_ecumenical_altar_fadedgnrine, basic_altar,
          chequers_decorated_corner
D:3:      layout_rooms, elyvilon_altar_5, chequers_temple_overflow_minitemple,
          nicolae_kite_square_tiling_tiny, minmay_stone_trees_small,
          guppyfry_early_lair_pool
D:4:      minmay_evil_eye, layout_loops_cross,
          mainiacjoe_overflow_large_starburst, biasface_ghost_orc_armoury,
          minmay_misc_feat_roman, minmay_checkerbox, uniq_sigmund, uniq_pikel,
          uniq_edmund, uniq_menkaure

Skill      XL: |  1  2  3  4  5  6 |
---------------+-------------------+-----
Stealth        | 3 4 |  4.1
Dodging        | 3 |  3.7
Spellcasting   | 3 |  3.0
Conjurations   | 5 |  5.2
Hexes          | |  0.4

Action                     |  1- 3 |  4- 6 || total
---------------------------+-------+-------++-------
  Melee: Short sword       |    18 |    18 ||    36
   Cast: Magic Dart        |    70 |   109 ||   179
         Dazzling Flash    |       |     6 ||     6
         Searing Ray       |       |     9 ||     9
    Use: Scroll            |     3 |     5 ||     8
         Potion            |       |     2 ||     2
   Stab: Sleeping          |     1 |       ||     1
 Armour: Robe              |     7 |    25 ||    32
  Dodge: Dodged            |    27 |    70 ||    97

Table legend: (Time is in decaauts)
 A = Elapsed time spent in this place.
 B = Non-inter-level travel time spent in this place.
 C = Inter-level travel time spent in this place.
 D = Time resting spent in this place.
 E = Time spent auto-exploring this place.
 F = Levels seen in this place.
 G = Mean time per level.
                   A        B        C        D        E       F      G
               +--------+--------+--------+--------+--------+-----+--------+
         Total |   4750 |   4373 |    377 |    617 |   2710 |   4 | 1187.5 |
       Dungeon |   4750 |   4373 |    377 |    617 |   2710 |   4 | 1187.5 |
               +--------+--------+--------+--------+--------+-----+--------+

Top non-repeatable levels by time:
     D:3: 1490 daAuts
     D:2: 1390 daAuts
     D:1: 1127 daAuts
     D:4: 741 daAuts
